 Dungeon Crawl Stone Soup version 0.26-a0-652-gafc20e3620 (webtiles) character file.

Game seed: 3452781889610375356

560 Flugkiller the Fighter (level 7, 0/72 HPs)
             Began as an Ogre Transmuter on Oct 2, 2020.
             Succumbed to a worker ant's poison
             ... on level 4 of the Dungeon.
             The game lasted 00:07:49 (1362 turns).

Flugkiller the Fighter (Ogre Transmuter)            Turns: 1362, Time: 00:07:50

Health: 0/72       AC:  2    Str: 12 (15) XL:     7   Next: 31%
Magic:  5/10       EV: 23    Int: 14 (16) God:
Gold:   67         SH:  0    Dex: 11 (14) Spells: 6/10 levels left

rFire    . . .     SeeInvis .     - Unarmed
rCold    . . .     Faith    .   (shield currently unavailable)
rNeg     . . .     Spirit   .   (armour currently unavailable)
rPois    x         Reflect  .   (helmet currently unavailable)
rElec    .         Harm     .   (cloak currently unavailable)
rCorr    .         Rampage  .   (gloves unavailable)
MR       .....                  (boots unavailable)
Stlth    +.........             (no amulet)
HPRegen  0.22/turn              c - +4 ring of evasion
MPRegen  0.12/turn              (no ring)

@: lethally poisoned (0 -> -21), spider-form (expiring), hasted, very quick
A: tiny, unfitting armour, frail 1, MP-powered wands
a: End Transformation


You were on level 4 of the Dungeon.
You were a venomous arachnid creature.
You visited 1 branch of the dungeon, and saw 4 of its levels.

You collected 67 gold pieces.

Inventory:

Hand Weapons
 f - a +2 whip of electrocution (melded)
   (You took it off a gnoll on level 2 of the Dungeon)
 l - a +0 flail of venom
   (You took it off an orc on level 4 of the Dungeon)
Missiles
 j - 2 curare-tipped darts (quivered)
Armour
 a - a +0 robe (melded)
Jewellery
 c - a +4 ring of evasion (left front leg)
   (You found it on level 2 of the Dungeon)
Wands
 e - a wand of paralysis (3)
   (You found it on level 2 of the Dungeon)
Scrolls
 b - a scroll of immolation
 i - a scroll of enchant weapon {unknown}
Potions
 g - a potion of might


   Skills:
 * Level 8.3 Fighting
 - Level 1.9 Dodging
 - Level 3.6 Unarmed Combat
 - Level 2.4 Spellcasting
 - Level 3.0 Transmutations
 - Level 1.0 Poison Magic


You had 6 spell levels left.
You knew the following spells:

 Your Spells              Type           Power        Failure   Level
a - Beastly Appendage     Tmut           ##....       19%         1
c - Spider Form           Tmut/Pois      #.........   52%         3

Your spell library contained the following spells:

 Spells                   Type           Power        Failure   Level
 Wereblood                Tmut           ##......     24%         2
 Ice Form                 Ice/Tmut       #.......     90%         4
 Blade Hands              Tmut           ##........   96%         5


Dungeon Overview and Level Annotations

Branches:
Dungeon (4/15)
 Temple: D:4-7

Altars:
Ashenzari
Makhleb
Wu Jian

Annotations:
D:3 Ijyb


Innate Abilities, Weirdness & Mutations

You are too large for most types of armour.
((You have tough skin. (AC +1)))
((Your flesh is heat resistant. (rF+)))
You are frail. (-10% HP)
You expend magic power (3 MP) to strengthen your wands.


Message History

You destroy the centaur skeleton!
Your Fighting skill increases to level 8!
Your transformation is almost over.
Your magical contamination has completely faded away.
Your transformation has ended.
Your +2 whip of electrocution unmelds from your body.
Your +0 robe unmelds from your body.
You hear the crackle of electricity.
The worker ant twitches its antennae in your direction.
Found an ornate altar of the Wu Jian Council.
Casting: Spider Form (dangerous; 26% risk of failure)
Confirm with . or Enter, or press ? or * to list all spells.
You turn into a venomous arachnid creature.
Your +2 whip of electrocution melds into your body.
Your +0 robe melds into your body.
Your +2 whip of electrocution stops crackling.
Your transformation is almost over.
You barely miss the worker ant. The worker ant bites you.
* * * LOW HITPOINT WARNING * * *
You are poisoned.
The worker ant poisons you!
You hit the worker ant.
The worker ant is poisoned.
The worker ant is lightly wounded.
* * * LOW HITPOINT WARNING * * *
You feel sick. The worker ant bites you.
* * * LOW HITPOINT WARNING * * *
You are more poisoned.
The worker ant poisons you!
You bite the worker ant!
The worker ant looks as sick as possible!
The worker ant is severely wounded.
* * * LOW HITPOINT WARNING * * *
You feel sick.
You kill the worker ant!
It was a potion of mutation.
You feel extremely strange.
You feel resistant to heat.
You feel frail.
You feel your magical essence link to the dungeon's wands.
* * * LOW HITPOINT WARNING * * *
You feel very sick.
It was a potion of haste.
You feel yourself speed up.
* * * LOW HITPOINT WARNING * * *
You feel sick.
It was a potion of degeneration.
There was something very wrong with that liquid.
You feel weakened.
You feel dopey.
You feel clumsy.
* * * LOW HITPOINT WARNING * * *
You feel sick.
As you read the scroll labeled CEIPIOTRATT, it crumbles to dust.
You feel blessed for a moment.
It was a scroll of remove curse.
You die...

......# ## ...._.# #. .......
###. .)...... .... #........
....#. .......# #.#.#.
#####...#### #.#.## #
#.s†........ ...... #
#.###...#### #.#.#. #
#############.###...# #.#.#.
......................######.#.#.
##############...###.............
##.....###.#####..###. #
#.......##.# #..# #. ##
##.....###.# #..# #. .# ##...##
#.### #..# #.


There were no monsters in sight!

Vanquished Creatures
  A phantom (D:4)
  A bullfrog (D:4)
  2 scorpions (D:4)
  2 hounds
  An orc priest (D:4)
  A centaur skeleton (D:4)
  2 worker ants (D:4)
  Robin (D:3)
  4 gnolls (D:2)
  An adder (D:4)
  An ooze (D:2)
  An adder skeleton (D:4)
  A worm (D:2)
  2 dart slugs
  3 leopard geckos
  12 orcs
  2 bats (D:3)
  5 giant cockroaches
  8 goblins
  6 hobgoblins
  2 kobolds
  2 frilled lizards (D:2)
  A rat (D:2)
62 creatures vanquished.

Notes
Turn   | Place    | Note
-------+----------+-------------------------------------------
     0 | D:1      | Flugkiller the Ogre Transmuter began the quest for the Orb.
     0 | D:1      | Reached XP level 1. HP: 19/19 MP: 3/3
    72 | D:2      | Reached XP level 2. HP: 14/28 MP: 3/5
    76 | D:2      | Reached skill level 2 in Fighting
   144 | D:3      | Noticed Robin
   188 | D:3      | Reached XP level 3. HP: 25/36 MP: 6/6
   211 | D:3      | Killed Robin
   244 | D:3      | Learned a level 3 spell: Spider Form
   258 | D:3      | Noticed Ijyb
   382 | D:2      | Found a broken altar of Ashenzari.
   562 | D:2      | Found a burning altar of Makhleb.
   569 | D:2      | Reached skill level 1 in Poison Magic
   569 | D:2      | Reached XP level 4. HP: 21/44 MP: 5/7
   696 | D:2      | Reached skill level 3 in Fighting
   696 | D:2      | Reached XP level 5. HP: 14/53 MP: 8/8
   859 | D:4      | Reached skill level 4 in Fighting
   920 | D:4      | Reached skill level 5 in Fighting
   920 | D:4      | Reached XP level 6. HP: 21/66 MP: 3/9
  1056 | D:4      | Reached skill level 6 in Fighting
  1121 | D:4      | Noticed a phantom
  1162 | D:4      | Killed a phantom
  1162 | D:4      | Reached skill level 7 in Fighting
  1162 | D:4      | Reached XP level 7. HP: 12/78 MP: 6/10
  1325 | D:4      | Reached skill level 8 in Fighting
  1352 | D:4      | Found an ornate altar of the Wu Jian Council.
  1359 | D:4      | Gained mutation: Your flesh is heat resistant. (rF+)
                  | [potion of mutation]
  1359 | D:4      | Gained mutation: You are frail. (-10% HP) [potion of
                  | mutation]
  1359 | D:4      | Gained mutation: You expend magic power (3 MP) to
                  | strengthen your wands. [potion of mutation]
  1360 | D:4      | HP: 3/72 [poisoned by a worker ant]
  1361 | D:4      | HP: 1/72 [poisoned by a worker ant]
  1362 | D:4      | Succumbed to a worker ant's poison

Illustrated notes

Levels and vault maps discovered:
D:1:      nicolae_arrival_memento_mori, layout_basic
D:2:      kennysheep_big_flooded_room, layout_loops_ring, marbit_many_paths,
          makhleb_blood_cavern_becter, old_standard_altar,
          evilmike_ruin_ashenzari
D:3:      layout_basic, serial_undead, serial_undead_d, serial_undead_a,
          serial_undead_d, serial_undead_c, uniq_robin, uniq_ijyb
D:4:      layout_loops_ring, overflow_temple_1_default, minivault_25

Skill      XL: |  1  2  3  4  5  6  7 |
---------------+----------------------+-----
Unarmed Combat | 3 |  3.6
Fighting       | 2 3 5 7 8 |  8.3
Transmutations | 2 3 |  3.0
Poison Magic   | 1 |  1.0
Dodging        | |  1.9
Spellcasting   | |  2.4

Action                   |  1- 3 |  4- 6 |  7- 9 || total
-------------------------+-------+-------+-------++-------
Melee: Unarmed           |    79 |    21 |     8 ||   108
       Headbutt          |    14 |     1 |       ||    15
       Kick              |    10 |     1 |       ||    11
       Punch             |     1 |     2 |       ||     3
       Whip              |       |    80 |     8 ||    88
       Flail             |       |    13 |       ||    13
 Cast: Beastly Appendage |    10 |     1 |       ||    11
       Spider Form       |       |     4 |     3 ||     7
 Abil: End Transformatio |       |       |     1 ||     1
Evoke: Wand              |       |     7 |       ||     7
  Use: Scroll            |       |     1 |     1 ||     2
       Potion            |       |     2 |     3 ||     5
 Stab: Paralysed         |       |     3 |       ||     3
Armor: Robe              |    16 |    12 |     4 ||    32
       Skin              |       |       |     1 ||     1
Dodge: Dodged            |    49 |    72 |     8 ||   129

Table legend: (Time is in decaauts)
 A = Elapsed time spent in this place.
 B = Non-inter-level travel time spent in this place.
 C = Inter-level travel time spent in this place.
 D = Time resting spent in this place.
 E = Time spent auto-exploring this place.
 F = Levels seen in this place.
 G = Mean time per level.
                   A        B        C        D        E       F      G
               +--------+--------+--------+--------+--------+-----+--------+
         Total |   1369 |   1369 |      0 |      0 |      0 |   4 |  342.2 |
       Dungeon |   1369 |   1369 |      0 |      0 |      0 |   4 |  342.2 |
               +--------+--------+--------+--------+--------+-----+--------+

Top non-repeatable levels by time:
     D:4: 493 daAuts
     D:2: 454 daAuts
     D:3: 383 daAuts
     D:1: 38 daAuts
